 Dungeon Crawl Stone Soup version 0.30-a0-1104-g706747fef1 (webtiles) character file.

Game seed: 2844582665525885388

88 Ijustatesigmund the Conjurer (level 4, -3/24 HPs)
             Began as a Deep Elf Conjurer on Apr 19, 2023.
             Succumbed to Robin's poison
             ... on level 2 of the Dungeon.
             The game lasted 00:03:58 (2129 turns).

Ijustatesigmund the Conjurer (Deep Elf Conjurer)    Turns: 2129, Time: 00:03:58

Health: -3/24      AC:  2    Str:  4    XL:     4   Next: 30%
Magic:  5/12       EV: 12    Int: 25    God:
Gold:   124        SH:  0    Dex: 13    Spells: 4/11 levels left

rFire   + . .      SeeInvis .    c - +1 trident (venom)
rCold   + . .      Faith    .    (no shield)
rNeg    . . .      Spirit   .    a - +0 robe
rPois   +          Reflect  .    (no helmet)
rElec   +          Rampage  .    (no cloak)
rCorr   +                        (no gloves)
Will    .....                    (no boots)
Stlth   ++                       (no amulet)
HPRegen 0.24/turn                (no ring)
MPRegen 0.13/turn                (no ring)

@: lethally poisoned (-3 -> -21), resistant
A: no striking features
a: no special abilities


You were on level 2 of the Dungeon.
You visited 1 branch of the dungeon, and saw 3 of its levels.

You collected 124 gold pieces.

Inventory:

Hand Weapons
 c - a +1 trident of venom (weapon)
Armour
 a - a +0 robe (worn)
Wands
 j - a wand of flame (25)
Scrolls
 e - a scroll of enchant armour {unknown}
 f - a scroll of identify {unknown}
 h - a scroll of fog {unknown}
 i - 2 scrolls of teleportation {unknown}
 m - a scroll of vulnerability {unknown}
Potions
 b - a potion of magic
 d - a potion of brilliance {unknown}
 g - a potion of heal wounds {unknown}
 k - a potion of curing {unknown}


   Skills:
 - Level 3.0 Dodging
 - Level 3.0 Stealth
 + Level 4.4 Spellcasting
 - Level 5.1 Conjurations
 + Level 0.6 Translocations


You had 4 spell levels left.
You knew the following spells:

 Your Spells              Type           Power      Damage    Failure   Level
a - Magic Dart            Conj           100%       1d8       1%          1
b - Searing Ray           Conj           62%        2d6       1%          2
c - Iskenderun's Mystic   Conj/Tloc      20%        2d6       26%         4

Your spell library contained the following spells:

 Spells                   Type           Power      Damage    Failure   Level
 Apportation              Tloc           16%        N/A       7%          1
 Necrotise                Necr           20%        1d5       9%          1
 Summon Small Mammal      Summ           20%        N/A       9%          1
 Dazzling Flash           Conj/Hex       36%        N/A       9%          3
 Fulminant Prism          Conj/Hex       9%         3d7       30%         4


Dungeon Overview and Level Annotations

Branches:
Dungeon (3/15)

Altars:

Annotations:
D:2 Robin


Message History

Press: ? - help, Shift-Dir - straight line, f - hobgoblin
Aim: a hobgoblin (100% to hit)
The magic dart hits the hobgoblin.
You kill the hobgoblin!
Robin roars a battlecry!
A hobgoblin comes into view.
Robin laughs in a distinctly smug fashion.
The hobgoblin shouts!
You hear a shout!
A goblin comes into view. It is wielding a +0 dagger.
You hear a shout!
A goblin comes into view. It is wielding a +0 club.
You reach to attack!
The goblin shouts!
You hit Robin.
Robin is poisoned.
Robin is lightly wounded.
Robin hits you with a +6 dagger of venom.
You are poisoned.
You climb upwards.
You feel very sick.
There is a stone staircase leading down here.
Casting: Magic Dart (safe; 1% risk of failure)
Confirm with . or Enter, or press ? or * to list all spells.
Aiming: Searing Ray (safe; 1% risk of failure)
Press: ? - help, Shift-Dir - straight line, f - Robin
Aim: Robin, wielding a +6 dagger of venom, wearing a +0 animal skin and wearing a +0 helmet (lightly wounded, very poisoned, 85% to hit)
The searing ray hits Robin!
Robin is heavily wounded. (Press . to maintain the ray.)
You feel sick.
Robin hits you with a +6 dagger of venom.
You are lethally poisoned!
The searing ray misses Robin.
* * * LOW HITPOINT WARNING * * *
You feel very sick.
Robin hits you with a +6 dagger of venom.
* * * LOW HITPOINT WARNING * * *
Unknown command.
It was a potion of resistance.
You feel protected.
You die...

.##..# #...........##
####.####.###......##
# ##......# #......#
###...#######......#
#...#......##......#
...........##......#
..##.......######.##
.####......# ####g#
..>###########..@.#
...# #.>####
..)##########.##
...............####
†...#####...##....#
.##.###...#######.####
........#########....#
###...#.........######
...................#


You could see Robin (very poisoned).

Vanquished Creatures
  An adder (D:2)
  2 worms (D:2)
  3 endoplasms
  2 giant cockroaches (D:2)
  10 goblins
  8 hobgoblins
  4 jackals (D:1)
  6 quokkas
  6 ball pythons
  7 bats
  8 frilled lizards
  4 kobolds (D:1)
  6 rats
67 creatures vanquished.

Notes
Turn   | Place    | Note
-------+----------+-------------------------------------------
     0 | D:1      | Ijustatesigmund the Deep Elf Conjurer began the quest for
                  | the Orb.
     0 | D:1      | Reached XP level 1. HP: 10/10 MP: 6/6
   139 | D:1      | Reached XP level 2. HP: 15/15 MP: 5/8
   142 | D:1      | Learned a level 2 spell: Searing Ray
   532 | D:1      | Reached XP level 3. HP: 19/19 MP: 5/10
  1139 | D:2      | Identified the +3 war axe of Okawaru's Grace {antimagic,
                  | *Slow rPois rC+ Int+2}
  1237 | D:2      | Reached skill level 5 in Conjurations
  1830 | D:2      | Reached XP level 4. HP: 24/24 MP: 7/12
  1835 | D:2      | Learned a level 4 spell: Iskenderun's Mystic Blast
  2118 | D:3      | Noticed Robin
  2128 | D:2      | HP: 1/24 [Robin/+6 dagger of venom (2)]
  2129 | D:2      | Succumbed to Robin's poison

Illustrated notes

Levels and vault maps discovered:
D:1:      dpeg_arrival_solitude, layout_loops_ring, minmay_lizard_pond
D:2:      layout_rooms
D:3:      layout_basic, gammafunk_temple_overflow_elements, serial_shops,
          shop_statue, uniq_crazy_yiuf_cottage, uniq_robin

Skill      XL: |  1  2  3 |
---------------+----------+-----
Stealth        | 3 |  3.0
Dodging        | 3 |  3.0
Spellcasting   | 4 |  4.4
Conjurations   | 5 |  5.1
Translocations | |  0.6

Action                     |  1- 3 |  4- 6 || total
---------------------------+-------+-------++-------
  Melee: Spear             |     2 |       ||     2
         Trident           |     1 |     2 ||     3
   Cast: Magic Dart        |    96 |    12 ||   108
         Searing Ray       |       |     1 ||     1
    Use: Potion            |       |     1 ||     1
   Stab: Sleeping          |     1 |       ||     1
  Dodge: Dodged            |     7 |       ||     7

Table legend: (Time is in decaauts)
 A = Elapsed time spent in this place.
 B = Non-inter-level travel time spent in this place.
 C = Inter-level travel time spent in this place.
 D = Time resting spent in this place.
 E = Time spent auto-exploring this place.
 F = Levels seen in this place.
 G = Mean time per level.
                   A        B        C        D        E       F      G
               +--------+--------+--------+--------+--------+-----+--------+
         Total |   2129 |   2090 |     39 |    343 |   1511 |   3 |  709.7 |
       Dungeon |   2129 |   2090 |     39 |    343 |   1511 |   3 |  709.7 |
               +--------+--------+--------+--------+--------+-----+--------+

Top non-repeatable levels by time:
     D:1: 1092 daAuts
     D:2: 1017 daAuts
     D:3: 19 daAuts
